[Event "ICC tourney 2568 (40 10)"]
[Site "Internet Chess Club"]
[Date "2021.05.16"]
[Round "2"]
[White "Musku, Himani:Chess121"]
[Black "Rodriguez, Eduardo A:EduardoNASA"]
[Result "1/2-1/2"]
[ICCResult "Game drawn by mutual agreement"]
[WhiteElo "1488"]
[BlackElo "1798"]
[Opening "Modern defense"]
[ECO "A40"]
[NIC "QO.17"]
[Time "13:16:58"]
[TimeControl "2400+10"]

1. d4 g6 2. Bf4 Bg7 3. e3 Nf6 4. h3 c5 5. c3 cxd4 6. exd4 O-O 7. Nd2 d6 8.
Be2 Nd5 9. Bg3 e5 10. dxe5 dxe5 11. Ngf3 Nf4 12. Bxf4 exf4 13. O-O Nc6 14.
Nb3 Qb6 15. Qc2 Bf5 16. Bd3 Bxd3 17. Qxd3 Rad8 18. Qe4 Qc7 19. Rfe1 Rd7 20.
Rad1 Re7 21. Qc2 Rfe8 22. Rxe7 Rxe7 23. Qd2 a6 {Game drawn by mutual
agreement} 1/2-1/2

[Event "ICC tourney 2568 (40 10)"]
[Site "Internet Chess Club"]
[Date "2021.05.16"]
[Round "2"]
[White "RAVIND G N, RICNESH:RickyCarlsen"]
[Black "XIAO, MICHAEL:michaelxiao"]
[Result "1-0"]
[ICCResult "Black checkmated"]
[WhiteElo "1700"]
[BlackElo "1297"]
[Opening "QGD semi-Slav"]
[ECO "D43"]
[NIC "QO.16"]
[Time "13:17:00"]
[TimeControl "2400+10"]

1. d4 d5 2. c4 e6 3. Nc3 Nf6 4. Nf3 c6 5. Bg5 Be7 6. e3 Nbd7 7. cxd5 Nxd5 8.
Bxe7 Nxe7 9. Ne4 Ng6 10. Nd6+ Ke7 11. Nc4 Re8 12. Qa4 a5 13. Qa3+ Kf6 14.
Nd6 b5 15. Ne4+ Kf5 16. Ng3+ Kf6 17. Nh5+ Kf5 18. Nxg7+ Kf6 19. Nh5+ Kf5 20.
Qd3+ Kg4 21. Ng3 Nf4 22. h3+ Nxh3 23. gxh3+ Kxf3 24. Qe4# {Black checkmated}
1-0

[Event "ICC tourney 2568 (40 10)"]
[Site "Internet Chess Club"]
[Date "2021.05.16"]
[Round "2"]
[White "XIONG, LANG LEO:langlglang"]
[Black "WU, EVERETT:EW2006"]
[Result "0-1"]
[ICCResult "White resigns"]
[WhiteElo "1641"]
[BlackElo "1395"]
[Opening "Queen's pawn game, Darooha variation "]
[ECO "D02"]
[NIC "QP.08"]
[Time "13:18:11"]
[TimeControl "2400+10"]

1. d4 d5 2. Nf3 Nf6 3. c4 e6 4. g3 Bb4+ 5. Nc3 O-O 6. Bg2 Nc6 7. Bg5 h6 8.
Bxf6 Qxf6 9. cxd5 exd5 10. O-O Bxc3 11. bxc3 Be6 12. e3 Qe7 13. Nd2 Rfd8 14.
Qc2 Na5 15. Qa4 b6 16. c4 Qd7 17. Qxd7 Rxd7 18. Rac1 c6 19. cxd5 Bxd5 20.
Bxd5 Rxd5 21. Rc2 Rc8 22. Rfc1 Kf8 23. Kf1 Ke7 24. Ke2 f5 25. Nf3 c5 26. Ne5
Kf6 27. f4 Ke6 28. Nd3 Rcd8 29. Ne5 Rc8 30. dxc5 Rdxc5 31. Rxc5 Rxc5 32.
Rxc5 bxc5 33. Kd3 Kd5 34. g4 c4+ 35. Ke2 Ke4 36. gxf5 c3 37. Ng4 c2 38. Nf2+
Kxf5 39. Nd3 Nc4 40. Kf3 g5 41. e4+ Kf6 42. fxg5+ Kxg5 43. Ke2 Ne5 44. Nc1
Kg4 45. Ke3 Kh3 46. Kf4 Nc4 47. e5 Kxh2 48. e6 Kg2 49. e7 Nd6 50. Ke5 Ne8
51. Ke6 h5 52. Kf7 Nc7 53. e8=Q Nxe8 54. Kxe8 h4 55. Kd7 h3 56. Kc7 h2 57.
Kb7 h1=Q 58. Kxa7 Qxc1 59. a4 Qa3 {White resigns} 0-1

[Event "ICC tourney 2568 (40 10)"]
[Site "Internet Chess Club"]
[Date "2021.05.16"]
[Round "2"]
[White "CAO, RAY:rcww2020"]
[Black "YADAV, ARJUN:arjunchesszero"]
[Result "1-0"]
[ICCResult "Black resigns"]
[WhiteElo "1670"]
[BlackElo "1224"]
[Opening "Sicilian: accelerated fianchetto, modern variation"]
[ECO "B34"]
[NIC "SI.33"]
[Time "13:17:40"]
[TimeControl "2400+10"]

1. e4 c5 2. Nf3 Nc6 3. d4 cxd4 4. Nxd4 g6 5. Nc3 Bg7 6. Nf3 Nf6 7. Bc4 O-O
8. O-O a6 9. Re1 Qc7 10. Bb3 b5 11. Nd5 Nxd5 12. exd5 Na5 13. Rxe7 Qd6 14.
Re1 Bb7 15. c3 Nxb3 16. axb3 Qxd5 17. Bf4 Qxd1 18. Raxd1 d5 19. Kf1 b4 20.
Be5 bxc3 21. bxc3 Rac8 22. Bxg7 Kxg7 23. Rc1 Rc7 24. Nd4 Rfc8 25. Re3 a5 26.
Ke1 Ra8 27. Ra1 a4 28. bxa4 Rc4 29. a5 Rc5 30. Re7 Ba6 31. Ne6+ {Black
resigns} 1-0

[Event "ICC tourney 2568 (40 10)"]
[Site "Internet Chess Club"]
[Date "2021.05.16"]
[Round "2"]
[White "LANE, THOMAS COE:tclaneva"]
[Black "SUN, KEVIN:kevinsun"]
[Result "1-0"]
[ICCResult "Black resigns"]
[WhiteElo "1805"]
[BlackElo "1491"]
[Opening "Sicilian: accelerated fianchetto, modern variation with Bc4"]
[ECO "B35"]
[NIC "SI.33"]
[Time "13:17:01"]
[TimeControl "2400+10"]

1. e4 c5 2. Nf3 Nc6 3. d4 cxd4 4. Nxd4 g6 5. Nc3 Bg7 6. Be3 Nf6 7. Bc4 O-O
8. Bb3 Re8 9. O-O e6 10. Ndb5 b6 11. Nd6 Rf8 12. f3 Ba6 13. Rf2 Ne8 14. Rd2
Nxd6 15. Rxd6 Bc8 16. Qe2 Qc7 17. Rad1 Be5 18. Nb5 Qb8 19. R6d2 Bxh2+ 20.
Kh1 Be5 21. Nd6 Bxd6 22. Rxd6 Kg7 23. Qd2 Re8 24. Bh6+ Kg8 25. Qg5
{Black resigns}
1-0

[Event "ICC tourney 2568 (40 10)"]
[Site "Internet Chess Club"]
[Date "2021.05.16"]
[Round "2"]
[White "PEESA, RAHUL:RahulPeesa"]
[Black "CHAN, ETHAN:ChessyEthan"]
[Result "1-0"]
[ICCResult "Black checkmated"]
[WhiteElo "1330"]
[BlackElo "1554"]
[Opening "Queen's pawn, Mason variation"]
[ECO "D00"]
[NIC "QP.08"]
[Time "13:17:51"]
[TimeControl "2400+10"]

1. d4 d5 2. Bf4 Nf6 3. e3 e6 4. Nf3 Bd6 5. Bxd6 Qxd6 6. c3 O-O 7. Bd3 Nbd7
8. Nbd2 e5 9. dxe5 Nxe5 10. Nxe5 Qxe5 11. Nf3 Qd6 12. O-O Bg4 13. h3 Bh5 14.
Re1 Rfe8 15. Qe2 Ne4 16. Rad1 Qf6 17. c4 Ng5 18. cxd5 Nxf3+ 19. gxf3 Bxf3
20. Qf1 Bxd1 21. Rxd1 Re5 22. Bc4 Rg5+ 23. Kh2 Re8 24. b3 Qe5+ 25. f4 Qb2+
26. Kh1 Rh5 27. Qf3 Rh6 28. Bb5 Rd8 29. d6 Rdxd6 30. Rxd6 Rxd6 31. a4 Qc2
32. Kg1 Rg6+ 33. Kh1 Qb1+ 34. Bf1 Qxb3 35. Qe4 h6 36. Qe8+ Kh7 37. f5 Qd5+
38. e4 Re6 39. fxe6 Qxe4+ 40. Bg2 Qe1+ 41. Kh2 Qe5+ 42. Kg1 Qe1+ 43. Bf1
Qg3+ 44. Kh1 Qf3+ 45. Bg2 Qd1+ 46. Kh2 Qd6+ 47. Kg1 Qd1+ 48. Kf2 Qd2+ 49.
Kg3 Qe3+ 50. Bf3 Qg5+ 51. Kf2 Qd2+ 52. Kg3 Qg5+ 53. Bg4 Qe3+ 54. Kg2 Qd2+
55. Kf3 Qd3+ 56. Kf2 Qd2+ 57. Kf1 Qf4+ 58. Ke2 Qe4+ 59. Kd2 Qd4+ 60. Kc2
Qc4+ 61. Kb2 Qb4+ 62. Ka2 Qc4+ 63. Kb1 Qb3+ 64. Kc1 Qc3+ 65. Kd1 Qd3+ 66.
Ke1 Qe3+ 67. Be2 Qc1+ 68. Kf2 Qf4+ 69. Bf3 Qd2+ 70. Kf1 Qc1+ 71. Ke2 Qc2+
72. Ke3 Qc3+ 73. Kf4 Qd4+ 74. Be4+ f5 75. Kxf5 Qf6+ 76. Kg4+ g6 77. Qd7+ Kg8
78. Qc8+ Kh7 79. Qxc7+ Kg8 80. Qb8+ Kh7 81. Qxb7+ Kg8 82. Qc8+ Kh7 83. Qb7+
Kg8 84. Qa8+ Kh7 85. Qxa7+ Kg8 86. Qb8+ Kh7 87. Qc7+ Kg8 88. Qc8+ Kh7 89.
Qd7+ Kg8 90. Qe8+ Kh7 91. Qf7+ Qxf7 92. exf7 Kg7 93. f8=Q+ Kxf8 94. Bxg6 Ke7
95. a5 Kd6 96. Be4 Kc7 97. a6 Kb8 98. Kh5 Ka7 99. Kxh6 Kxa6 100. Kg7 Kb6
101. h4 Kc5 102. h5 Kd6 103. h6 Ke5 104. h7 Kxe4 105. h8=Q Kf4 106. Qe8 Kf3
107. Qe5 Kf2 108. Qe4 Kg3 109. Kg6 Kf2 110. Qd3 Kg2 111. Qe3 Kh1 112. Qd2
Kg1 113. Kg5 Kf1 114. Kg4 Kg1 115. Kg3 Kf1 116. Qf2# {Black checkmated} 1-0

[Event "ICC tourney 2568 (40 10)"]
[Site "Internet Chess Club"]
[Date "2021.05.16"]
[Round "2"]
[White "JAIN, VIHAAN:jvihaan"]
[Black "THOMAS, MICHAEL G:chesslin"]
[Result "0-1"]
[ICCResult "White resigns"]
[WhiteElo "1460"]
[BlackElo "1739"]
[Opening "King's Indian: 5.Nf3"]
[ECO "E90"]
[NIC "KI.21"]
[Time "13:18:13"]
[TimeControl "2400+10"]

1. e4 g6 2. d4 Bg7 3. c4 d6 4. Nf3 Nf6 5. Nc3 O-O 6. Bf4 Nfd7 7. Be2 c5 8.
Be3 Nc6 9. d5 Ncb8 10. O-O a6 11. Rc1 Nf6 12. Qd2 Re8 13. Bh6 Bh8 14. h3
Nbd7 15. Rfe1 Qa5 16. a3 b5 17. cxb5 axb5 18. Bxb5 Ba6 19. Bxa6 Rxa6 20. Bf4
Rb8 21. e5 Nh5 22. Bh2 dxe5 23. Nxe5 Nxe5 24. Bxe5 Bxe5 25. Rxe5 Rab6 26.
Rc2 Qa7 27. a4 R8b7 28. Re4 Rb4 29. Qe2 Rxe4 30. Qxe4 Rb4 31. Qe5 Qd7 32.
Ne4 Rxa4 33. Nxc5 Ra1+ 34. Kh2 Qb5 35. Ne6 Ra8 36. Nd4 Qd3 37. Rc7 Qd2 38.
Ne2 Re8 39. Rd7 Nf6 40. d6 Nxd7 {White resigns} 0-1

[Event "ICC tourney 2568 (40 10)"]
[Site "Internet Chess Club"]
[Date "2021.05.16"]
[Round "2"]
[White "LI, DAVID TONGJIA:UltimateDL"]
[Black "ZHANG, FRED:Fredzhang"]
[Result "1-0"]
[ICCResult "Black checkmated"]
[WhiteElo "1862"]
[BlackElo "1576"]
[Opening "Sicilian: Prins (Moscow) variation"]
[ECO "B55"]
[NIC "SI.01"]
[Time "13:17:29"]
[TimeControl "2400+10"]

1. e4 c5 2. Nf3 d6 3. d4 cxd4 4. Nxd4 Nf6 5. f3 Nc6 6. c4 e5 7. Nc2 Be6 8.
Nc3 Be7 9. Be3 a6 10. Qd2 O-O 11. Be2 Qc7 12. Nd5 Bxd5 13. cxd5 Nb8 14. O-O
Nbd7 15. Rac1 Qd8 16. Nb4 Nc5 17. Nd3 b6 18. b4 Nxd3 19. Bxd3 b5 20. Rc6 Qd7
21. Rfc1 Rfc8 22. a4 Rxc6 23. Rxc6 bxa4 24. Bxa6 Ne8 25. Qc2 h6 26. Bc8 Qd8
27. Bb6 Nc7 28. Bb7 Rb8 29. Bxc7 Qf8 30. Bxb8 Qxb8 31. Rc8+ Qxc8 32. Qxc8+
Kh7 33. Qa8 Kg6 34. Bc8 Kf6 35. Qxa4 g6 36. Qe8 h5 37. Qh8+ Kg5 38. g3 Bf6
39. h4# {Black checkmated} 1-0

[Event "ICC tourney 2568 (40 10)"]
[Site "Internet Chess Club"]
[Date "2021.05.16"]
[Round "2"]
[White "NAGULAPALLY, AYAN:Ayan123"]
[Black "BRUDNO, STEPHEN:StevChess01"]
[Result "1/2-1/2"]
[ICCResult "Game drawn by mutual agreement"]
[WhiteElo "1344"]
[BlackElo "1606"]
[Opening "Sicilian: O'Kelly variation"]
[ECO "B28"]
[NIC "SI.43"]
[Time "13:17:00"]
[TimeControl "2400+10"]

1. e4 c5 2. Nf3 a6 3. d4 cxd4 4. Nxd4 Nf6 5. Nc3 e5 6. Nb3 Bb4 7. Bd2 d6 8.
Bd3 Be6 9. O-O Nbd7 10. Re1 Bxb3 11. axb3 Nc5 12. Bg5 Ncd7 13. Ra4 Bxc3 14.
bxc3 b5 15. Ra1 h6 16. Be3 Nc5 17. Bxc5 dxc5 18. Rxa6 Rb8 19. f3 O-O 20. c4
b4 21. Bf1 Qc7 22. Qd6 Ne8 23. Qxc7 Nxc7 24. Ra5 Ne6 25. Rea1 Rbc8 26. Kf2
Rfd8 27. Bd3 Nd4 28. Kf1 Nxb3 29. cxb3 Rxd3 30. Ra8 Rxa8 31. Rxa8+ Kh7 32.
Ra5 Rxb3 33. Rxc5 Rc3 34. Rxe5 Rxc4 35. Rb5 Rc1+ 36. Kf2 Rb1 37. h4 g6 38.
h5 g5 39. Rb7 Kg7 40. Rb6 b3 41. Kg3 Rb2 42. Kh3 Rb1 43. Kg3 Rb2 44. Kh3
{Game drawn by mutual agreement}
1/2-1/2

[Event "ICC tourney 2568 (40 10)"]
[Site "Internet Chess Club"]
[Date "2021.05.16"]
[Round "2"]
[White "KALYANRAMAN, NIKHIL:nikhilkalya"]
[Black "VIDENA, DANIEL TUAPEN:Davide25"]
[Result "1/2-1/2"]
[ICCResult "White stalemated"]
[WhiteElo "1890"]
[BlackElo "1528"]
[Opening "Réti: King's Indian attack (Barcza system)"]
[ECO "A07"]
[NIC "EO.03"]
[Time "13:18:13"]
[TimeControl "2400+10"]

1. Nf3 d5 2. g3 Nf6 3. Bg2 Nc6 4. c4 e5 5. cxd5 Nxd5 6. Nc3 Be6 7. O-O f6 8.
d4 Nxc3 9. bxc3 Be7 10. e4 Bg4 11. Qa4 Qd7 12. d5 Nb8 13. Qb3 Qc8 14. Rb1 b6
15. Ba3 Bxa3 16. Qxa3 Nd7 17. h3 Bxf3 18. Bxf3 Nc5 19. Bg4 Qa6 20. Qxa6 Nxa6
21. f4 O-O 22. fxe5 fxe5 23. Be6+ Kh8 24. Rf5 Rxf5 25. exf5 Nc5 26. Re1 e4
27. g4 Rf8 28. Kg2 g6 29. Re3 Kg7 30. Kg3 Kf6 31. Kf4 g5+ 32. Kg3 Ke5 33. h4
h6 34. Re2 Nd3 35. Rc2 Nf4 36. hxg5 hxg5 37. Rh2 Nxd5 38. c4 Nf4 39. Rd2
Nxe6 40. fxe6 Kxe6 41. Rd5 Rf3+ 42. Kg2 Rd3 43. Rxg5 e3 44. Kf3 Rc3 45. c5
e2+ 46. Kxe2 bxc5 47. Kd2 Rc4 48. Kd3 Rc1 49. Kd2 Rc4 50. Kd3 Rc1 51. Rg6+
Ke5 52. Ra6 Rg1 53. Kc4 Rc1+ 54. Kb5 c4 55. Rxa7 c3 56. Rxc7 c2 57. Ka4 Rg1
58. Rxc2 Rxg4+ 59. Kb5 Kd6 60. a4 Rg5+ 61. Kb6 Rg8 62. a5 Rb8+ 63. Ka7 Rb1
64. a6 Kd7 65. Ka8 Rb6 66. a7 Rb1 67. Rh2 Kc8 68. Rh8+ Kc7 69. Rb8 Ra1 70.
Rb2 Rc1 71. Rb7+ Kc8 72. Rb4 Kc7 73. Rf4 Kc8 74. Rf7 Rc2 75. Rb7 Ra2 76.
Rb8+ Kc7 77. Rb1 Rc2 78. Rb2 Rxb2 {White stalemated} 1/2-1/2

[Event "ICC tourney 2568 (40 10)"]
[Site "Internet Chess Club"]
[Date "2021.05.16"]
[Round "2"]
[White "BRAHMANAPALLY, SARVAGNYA:bsarvagnya"]
[Black "BOYINEPALLY, KIRAN:BoyinK-99"]
[Result "0-1"]
[ICCResult "White resigns"]
[WhiteElo "1325"]
[BlackElo "1673"]
[Opening "Caro-Kann: advance variation"]
[ECO "B12"]
[NIC "CK.04"]
[Time "13:17:32"]
[TimeControl "2400+10"]

1. e4 c6 2. d4 d5 3. e5 Bf5 4. Nc3 e6 5. Bd3 Bxd3 6. Qxd3 c5 7. dxc5 Nc6 8.
Nf3 Bxc5 9. Qb5 Qb6 10. Qd3 Bxf2+ 11. Kf1 Bc5 12. Na4 Qa5 13. Nxc5 Qxc5 14.
Be3 Qe7 15. Qb5 a6 16. Qa4 b5 17. Qb3 Na5 18. Qc3 Nc4 19. Bd4 Qb7 20. b3 Nb6
21. Qc5 Nd7 22. Qd6 Ne7 23. Bc5 Nxc5 24. Qxc5 Rc8 25. Qf2 O-O 26. Rc1 Rc3
27. Qh4 Nf5 28. Qh5 Rfc8 29. Ng5 h6 30. Nf3 Rxc2 31. Rxc2 Rxc2 32. g3 Ne3+
33. Ke1 Rc1+ 34. Kd2 Rxh1 35. Kxe3 Qb6+ 36. Ke2 Qa5 37. g4 Qxa2+ 38. Ke3
Qxb3+ 39. Kf4 Rf1 40. Qh3 g5+ {White resigns} 0-1

[Event "ICC tourney 2568 (40 10)"]
[Site "Internet Chess Club"]
[Date "2021.05.16"]
[Round "2"]
[White "BHEEMAIAH, AYUSH:Ayushb"]
[Black "GONG, JONATHAN YICHENG:Theutltl"]
[Result "1-0"]
[ICCResult "Black resigns"]
[WhiteElo "1747"]
[BlackElo "1562"]
[Opening "Sicilian: Kan variation"]
[ECO "B41"]
[NIC "SI.41"]
[Time "13:18:13"]
[TimeControl "2400+10"]

1. e4 c5 2. Nf3 e6 3. d4 cxd4 4. Nxd4 a6 5. Be2 Qc7 6. O-O Nf6 7. Nc3 Bb4 8.
Qd3 O-O 9. Bd2 Nc6 10. a3 Bc5 11. Nb3 Ba7 12. Bg5 Qe5 13. Bh4 d5 14. Bxf6
Qxf6 15. exd5 Rd8 16. Rad1 Ne5 17. Qg3 Bb8 18. Qe3 Ba7 19. Qe4 exd5 20. Nxd5
Qg5 21. h4 Qh6 22. Ne7+ Kf8 23. Rxd8+ Kxe7 24. Qxe5+ Kxd8 25. Rd1+ Bd7 26.
Bg4 {Black resigns} 1-0

[Event "ICC tourney 2568 (40 10)"]
[Site "Internet Chess Club"]
[Date "2021.05.16"]
[Round "2"]
[White "XIAO, MARINA:marinaxiao"]
[Black "LEVIN, ERIC:elevinchess"]
[Result "0-1"]
[ICCResult "White checkmated"]
[WhiteElo "1547"]
[BlackElo "1869"]
[Opening "Giuoco Piano"]
[ECO "C54"]
[NIC "IG.02"]
[Time "13:16:58"]
[TimeControl "2400+10"]

1. e4 e5 2. Nf3 Nc6 3. Bc4 Bc5 4. c3 Nf6 5. d3 d6 6. a4 a6 7. O-O Qe7 8.
Nbd2 Be6 9. Bxe6 fxe6 10. h3 O-O 11. Re1 Nh5 12. Nf1 Ba7 13. Be3 Nf4 14.
Bxa7 Rxa7 15. Ng3 Qf7 16. Re3 Raa8 17. Ne2 Nh5 18. Qb3 Rab8 19. Rf1 b5 20.
Ng5 bxa4 21. Qxb8 Rxb8 22. Nxf7 Kxf7 23. Rf3+ Ke7 24. Ng3 Nf4 25. Ra1 Rxb2
26. Rxa4 a5 27. d4 g5 28. Re3 Rb1+ 29. Kh2 Rb2 30. Kg1 Rb1+ 31. Kh2 exd4 32.
cxd4 Rb4 33. Rxb4 axb4 34. d5 Nd4 35. dxe6 Kxe6 36. Re1 c5 37. Nf1 Nd3 38.
Re3 Nxf2 39. Nd2 Nd1 40. Re1 Nc3 41. Kg3 b3 42. Re3 b2 43. Re1 Nc2 44. Rf1
Na3 45. Kg4 b1=Q 46. Nxb1 Naxb1 47. Kxg5 Nxe4+ 48. Kh6 Nbd2 49. Re1 c4 50.
Kxh7 Kf6 51. h4 c3 52. g4 d5 53. g5+ Kf5 54. Kh6 d4 55. g6 Nf6 56. h5 c2 57.
g7 d3 58. Rg1 Nde4 59. Re1 d2 60. Rf1+ Ke6 61. Rxf6+ Nxf6 62. g8=Q+ Nxg8+
63. Kg7 Nf6 64. h6 d1=Q 65. h7 Nxh7 66. Kxh7 Qg4 67. Kh8 c1=Q 68. Kh7 Qh1#
{White checkmated}
0-1

[Event "ICC tourney 2568 (40 10)"]
[Site "Internet Chess Club"]
[Date "2021.05.16"]
[Round "2"]
[White "KASHYAP, MANISH B:mnm2"]
[Black "RAMESH, ANIRUDH:anirudhramesh03"]
[Result "0-1"]
[ICCResult "White resigns"]
[WhiteElo "1561"]
[BlackElo "1808"]
[Opening "Sicilian: Prins (Moscow) variation"]
[ECO "B55"]
[NIC "SI.01"]
[Time "13:17:48"]
[TimeControl "2400+10"]

1. e4 c5 2. Nf3 d6 3. d4 cxd4 4. Nxd4 Nf6 5. f3 Nc6 6. c4 g6 7. Nc3 Nxd4 8.
Qxd4 Bg7 9. Be3 O-O 10. Qd2 Be6 11. Be2 Qa5 12. O-O Rfd8 13. Rac1 Rac8 14.
b3 Nd7 15. Rfd1 a6 16. Qc2 b5 17. Nd5 Bxd5 18. Rxd5 Qc7 19. Rd2 b4 20. Rdd1
a5 21. Kh1 Ne5 22. Qd2 Nd7 23. Bd4 Bxd4 24. Qxd4 a4 25. Rd3 Nc5 26. Re3 axb3
27. axb3 Ra8 28. Ra1 Ne6 29. Qb2 Qc5 30. Rd3 Rxa1+ 31. Qxa1 Nf4 32. Rd2 Qe3
33. Qd1 Ra8 34. Bf1 Qc3 35. Qc2 Ra1 36. Kg1 Qe3+ 37. Rf2 Nd3 38. Qd2 Qxf2+
39. Qxf2 Nxf2 40. Kxf2 Rb1 {White resigns} 0-1

[Event "ICC tourney 2568 (40 10)"]
[Site "Internet Chess Club"]
[Date "2021.05.16"]
[Round "2"]
[White "NGUYEN, THOMAS:tn285"]
[Black "XU, RAYMOND:rayxu"]
[Result "0-1"]
[ICCResult "White forfeits on time"]
[WhiteElo "1581"]
[BlackElo "1876"]
[Opening "Queen's pawn: London system"]
[ECO "A45"]
[NIC "QP.07"]
[Time "13:18:13"]
[TimeControl "2400+10"]

1. d4 Nf6 2. Bf4 e6 3. e3 d5 4. Nf3 Bd6 5. Bg3 c5 6. c3 Nc6 7. Nbd2 O-O 8.
Bd3 b6 9. Ne5 Qc7 10. f4 Bb7 11. O-O Ne7 12. Bh4 Ne4 13. Qh5 Nf5 14. Bxe4
dxe4 15. Bf2 Bxe5 16. dxe5 Rad8 17. Qe2 Qd7 18. Nb3 Qd3 19. Rfe1 Ba6 20. Qd1
Rd7 21. h3 Rfd8 22. Qb1 Bc4 23. Qc1 a5 24. Qb1 a4 25. Nc1 Qxb1 26. Rxb1 Rd1
27. b3 Rxe1+ 28. Bxe1 axb3 29. axb3 Bd3 30. Ra1 Nxe3 31. Nxd3 exd3 32. Bd2
Nd5 33. Kf2 f6 34. c4 Ne7 35. Bc3 fxe5 36. Bxe5 Rd7 37. Rd1 Nc6 38. Bc3 Kf7
39. Ke3 Kg6 40. Rxd3 Rxd3+ 41. Kxd3 Kf5 42. g3 g5 43. fxg5 Kxg5 44. Ke4 Kg6
45. h4 Kh5 {White forfeits on time} 0-1

[Event "ICC tourney 2568 (40 10)"]
[Site "Internet Chess Club"]
[Date "2021.05.16"]
[Round "2"]
[White "KASHYAP, MAHATI B:mnm1"]
[Black "VALE CRUZ, ARMIN:trucker"]
[Result "1-0"]
[ICCResult "Black resigns"]
[WhiteElo "1536"]
[BlackElo "1709"]
[Opening "Scotch game"]
[ECO "C45"]
[NIC "SO.05"]
[Time "13:17:45"]
[TimeControl "2400+10"]

1. e4 e5 2. Nf3 Nc6 3. d4 exd4 4. Nxd4 Bc5 5. Be3 Qf6 6. c3 d6 7. Bc4 Ne5 8.
Be2 Qg6 9. Nb5 Bxe3 10. Nxc7+ Ke7 11. Nd5+ Kf8 12. Nxe3 Ne7 13. O-O h5 14.
Nd2 Bh3 15. Kh1 Bd7 16. Ndc4 Rh6 17. Nxe5 Qe6 18. Nxd7+ Qxd7 19. Qd2 a6 20.
Nc4 Qc6 21. f3 Rd8 22. Rad1 Qc7 23. e5 d5 24. Nd6 Re6 25. Qf4 Ng6 26. Qb4
Kg8 27. Qxb7 Qxb7 28. Nxb7 Rb8 29. Nc5 Rc6 30. Rxd5 Nf4 31. Nd7 Rxb2 32. Rd6
Rxd6 33. exd6 Nxe2 34. c4 Rxa2 35. c5 Rc2 36. h3 Ng3+ 37. Kg1 Nxf1 38. Kxf1
f6 39. Nxf6+ gxf6 40. d7 Rd2 41. c6 Kf7 42. c7 Ke7 43. c8=Q Rxd7 44. Qxa6
Rd6 45. Qb5 Ke6 46. Qxh5 Rd5 47. Qxd5+ Kxd5 48. Kf2 Ke5 49. g3 Kf5 50. Ke3
Ke5 51. h4 Kf5 52. Kd4 Kg6 53. Ke4 Kh6 54. Kf5 Kg7 55. h5 Kf7 56. g4 Kg7 57.
f4 Kf7 58. h6 Kg8 59. Kxf6 Kh7 60. g5 Kg8 61. f5 Kh7 62. g6+ Kg8 63. h7+ Kh8
64. g7+ Kxh7 65. Kf7 Kh6 66. g8=Q Kh5 67. Ke6 Kh4 68. f6 {Black resigns} 1-0

[Event "ICC tourney 2568 (40 10)"]
[Site "Internet Chess Club"]
[Date "2021.05.16"]
[Round "2"]
[White "CHAPMAN, JOSHUA:Crusha777"]
[Black "AYYAPPAN, SANTHOSH:SanthoshA"]
[Result "0-1"]
[ICCResult "White resigns"]
[WhiteElo "1371"]
[BlackElo "1652"]
[Opening "English opening"]
[ECO "A22"]
[NIC "EO.10"]
[Time "13:18:13"]
[TimeControl "2400+10"]

1. c4 e5 2. Nc3 Nf6 3. d3 Bc5 4. Na4 Bb4+ 5. Bd2 Bxd2+ 6. Qxd2 O-O 7. Nc3 d5
8. cxd5 Nxd5 9. Nf3 Nc6 10. g3 Be6 11. Bg2 f6 12. Nxd5 Bxd5 13. O-O Qd7 14.
b4 Be6 15. Rfc1 a6 16. a3 Bh3 17. Bh1 Rad8 18. Qc3 Be6 19. a4 Rc8 20. Ra3
Bd5 21. Qc5 Qe7 22. Qxd5+ Kh8 23. Qc5 Qxc5 24. Rxc5 Nxb4 25. Rb3 b6 26. Rc4
a5 27. Nd2 Rf7 28. Nb1 Rd7 29. Nc3 Kg8 30. Nb5 c5 31. Bg2 Rdd8 32. Ra3 Kf7
33. f4 exf4 34. gxf4 Rb8 35. Rac3 Kf8 36. Na7 Re8 37. Nc6 Nxc6 38. Bxc6 Rxe2
39. d4 cxd4 40. Rxd4 Rc8 41. Rdc4 Rd8 42. Rc1 Red2 43. Bb5 Kf7 44. Rc7+ Kg6
45. R7c6 R8d6 46. Rxd6 Rxd6 47. Rc6 Rxc6 48. Bxc6 Kf5 49. Kf2 Kxf4 50. Bb5
g5 51. h3 f5 52. Bd7 h5 53. Be8 h4 54. Bb5 g4 55. hxg4 fxg4 56. Bf1 h3 57.
Kg1 Kf3 58. Kh2 Kf2 59. Bb5 g3+ 60. Kxh3 g2 {White resigns} 0-1

[Event "ICC tourney 2568 (40 10)"]
[Site "Internet Chess Club"]
[Date "2021.05.16"]
[Round "2"]
[White "PRIYADARSHI, VED:ved2006"]
[Black "Gong, Andrew:TheDude865"]
[Result "0-1"]
[ICCResult "White resigns"]
[WhiteElo "1713"]
[BlackElo "1543"]
[Opening "King's Indian: London system"]
[ECO "A48"]
[NIC "QP.03"]
[Time "13:16:55"]
[TimeControl "2400+10"]

1. d4 Nf6 2. Nf3 g6 3. Bf4 Bg7 4. e3 d5 5. h3 e6 6. c4 c5 7. Nc3 cxd4 8.
exd4 O-O 9. Be2 a6 10. c5 Nc6 11. O-O b6 12. Na4 bxc5 13. dxc5 Nd7 14. Be3
Qa5 15. Rb1 Rb8 16. b3 Rd8 17. Nd4 Bb7 18. Nxc6 Bxc6 19. Bd2 Qc7 20. b4 Bb5
21. Nc3 Bxe2 22. Qxe2 Qc6 23. Rfd1 Nf6 24. Bf4 Rb7 25. Be5 Nd7 26. Bxg7 Kxg7
27. Qe3 Nf6 28. a4 Rc8 29. Qd4 Qc7 30. f4 Qe7 31. Ne2 a5 32. Rdc1 Rbc7 33.
b5 Rxc5 34. Rxc5 Qxc5 35. b6 Qc2 36. Rb2 Qc6 37. b7 Rb8 38. Qa7 Nd7 39. Kh2
Qc5 40. Qa6 Qc7 41. g3 Nc5 42. Qa7 Rxb7 43. Rxb7 Nxb7 44. Nd4 Kf6 45. Nb5
Qc2+ 46. Kg1 Qc5+ 47. Qxc5 Nxc5 48. Nc3 d4 49. Nb5 d3 50. Kf2 Nxa4 51. Ke3
Nb2 52. Kd2 e5 53. fxe5+ Kxe5 54. Kc3 d2 55. Kxd2 Ke4 56. Nd6+ Kf3 57. Nxf7
Kxg3 58. Kc3 Na4+ 59. Kb3 Nb6 60. Kc3 Nd5+ 61. Kc4 Nf6 62. Kb5 Kxh3 63. Kxa5
h5 64. Kb5 h4 65. Ne5 Kg3 {White resigns} 0-1

[Event "ICC tourney 2568 (40 10)"]
[Site "Internet Chess Club"]
[Date "2021.05.16"]
[Round "3"]
[White "WANG, YUANZHE:yogokings12"]
[Black "PEESA, RAHUL:RahulPeesa"]
[Result "1-0"]
[ICCResult "Black checkmated"]
[WhiteElo "1587"]
[BlackElo "1330"]
[Opening "Caro-Kann: classical, Spassky variation"]
[ECO "B19"]
[NIC "CK.12"]
[Time "15:31:46"]
[TimeControl "2400+10"]

1. e4 c6 2. d4 d5 3. Nc3 dxe4 4. Nxe4 Bf5 5. Ng3 Bg6 6. h4 h6 7. Nf3 Nd7 8.
h5 Bh7 9. Bd3 Bxd3 10. Qxd3 Ngf6 11. Bd2 e6 12. O-O-O Bd6 13. Ne4 Nxe4 14.
Qxe4 Nf6 15. Qe2 O-O 16. g4 Nxg4 17. Rhg1 Nf6 18. Bxh6 Nxh5 19. Ne5 Qh4 20.
Rh1 Nf4 21. Qf3 Qf6 22. Bxf4 g5 23. Rdg1 Rfd8 24. Bxg5 Qxf3 25. Bf6+ Kf8 26.
Rh8# {Black checkmated} 1-0

[Event "ICC tourney 2568 (40 10)"]
[Site "Internet Chess Club"]
[Date "2021.05.16"]
[Round "3"]
[White "RAMESH, ANIRUDH:anirudhramesh03"]
[Black "CAO, RAY:rcww2020"]
[Result "1-0"]
[ICCResult "Black resigns"]
[WhiteElo "1808"]
[BlackElo "1670"]
[Opening "Sicilian: Smith-Morra gambit"]
[ECO "B21"]
[NIC "SI.48"]
[Time "15:31:45"]
[TimeControl "2400+10"]

1. e4 c5 2. d4 cxd4 3. c3 dxc3 4. Nxc3 Nc6 5. Nf3 e6 6. Bc4 a6 7. O-O Qc7 8.
Re1 b5 9. Bb3 Bb7 10. Nd5 Qd8 11. Be3 exd5 12. exd5 Nce7 13. d6 Bxf3 14.
Qxf3 f6 15. dxe7 Nxe7 16. Bb6 Qb8 17. Qh5+ g6 18. Qd5 Qxb6 19. Qxa8+ Qd8 20.
Bf7+ {Black resigns} 1-0

[Event "ICC tourney 2568 (40 10)"]
[Site "Internet Chess Club"]
[Date "2021.05.16"]
[Round "3"]
[White "RENJITH, ARYAN:prkukuku"]
[Black "YADAV, ARJUN:arjunchesszero"]
[Result "1-0"]
[ICCResult "Black checkmated"]
[WhiteElo "1274"]
[BlackElo "1224"]
[Opening "Sicilian defense"]
[ECO "B40"]
[NIC "SI.43"]
[Time "15:31:47"]
[TimeControl "2400+10"]

1. e4 c5 2. Nf3 e6 3. Nc3 Nc6 4. Bc4 a6 5. a4 Qc7 6. d3 Nf6 7. Be3 Be7 8. h3
O-O 9. Qd2 b6 10. Bf4 d6 11. h4 Bb7 12. g4 Nd4 13. Qd1 e5 14. Bg5 Rad8 15.
Bxf6 Bxf6 16. Nxd4 exd4 17. Nd5 Bxd5 18. Bxd5 Be5 19. Qd2 b5 20. axb5 axb5
21. g5 Kh8 22. f4 Bxf4 23. Qxf4 f5 24. exf5 Rde8+ 25. Kd2 Re5 26. Bf3 Rexf5
27. Qxf5 Re8 28. Be4 c4 29. Qxh7# {Black checkmated} 1-0